 Dungeon Crawl Stone Soup version 0.31.0-9-g3a7656b989 (webtiles) character file.

Game seed: 2485531258186389087

117 Kass the Ruffian (level 4, -1/33 HPs)
             Began as a Demonspawn Shapeshifter on Jan 30, 2024.
             Slain by a gnoll
             ... wielding a +0 spear
              (4 damage)
             ... on level 3 of the Dungeon.
             The game lasted 00:07:58 (2770 turns).

Kass the Ruffian (Demonspawn Shapeshifter)          Turns: 2770, Time: 00:07:59

Health: -1/33      AC:  2    Str: 16    XL:     4   Next: 71%
Magic:  4/4        EV: 12    Int: 11    God:
Gold:   124        SH:  0    Dex: 12    Spells: 0/3 levels left

rFire   . .          .
                       - Unarmed
rCold   . . .        (no shield)
rNeg    . . .        a - +0 animal skin
rPois   .            (helmet currently unavailable)
rElec   .            (cloak currently unavailable)
rCorr   .            (gloves currently unavailable)
SInv    .            (boots currently unavailable)
Will    .....        (no amulet)
Stlth   +            i - ring of wizardry
HPRegen 0.25/turn    (no ring)
MPRegen 0.09/turn

%: wizardry (x1)
@: beast-form
A: beast (slay +1), demonic guardian 1, spiny 1, demonic touch 1
a: Begin Untransformation


You were on level 3 of the Dungeon.
You were a hulking beast.
You visited 1 branch of the dungeon, and saw 4 of its levels.

You collected 124 gold pieces.

Inventory:

Missiles
 n - 5 poisoned darts (quivered)
Armour
 a - a +0 animal skin (worn)
 h - a +0 cloak
Magical Staves
 m - a staff of conjuration
Jewellery
 i - a ring of wizardry (left hand)
Talismans
 c - a beast talisman
 d - a flux talisman
Scrolls
 g - a scroll of teleportation {unknown}
 j - a scroll of amnesia {unknown}
 k - 2 scrolls of poison {unknown}
 l - 2 scrolls of identify {unknown}
 o - 2 scrolls of silence {unknown}
 r - a scroll of torment {unknown}
 s - a scroll of blinking {unknown}
 t - a scroll of fog {unknown}
 u - a scroll of enchant armour {unknown}
 v - a scroll of fear {unknown}
Potions
 b - 3 potions of lignification
 e - 3 potions of brilliance {unknown}
 f - 2 potions of might {unknown}
 p - a potion of magic {unknown}
 q - a potion of attraction {unknown}


   Skills:
 + Level 2.2 Fighting
 + Level 2.7 Dodging
 + Level 3.4 Unarmed Combat
 + Level 0.1 Summonings
 + Level 3.3 Shapeshifting


You couldn't memorise any spells.
You knew the following spells:

 Your Spells              Type           Power      Damage    Failure   Level
a - Call Canine Familiar  Summ           0%         N/A       38%         3

Your spell library contained the following spells:

 Spells                   Type           Power      Damage    Failure   Level
 Freeze                   Ice            0%         1d3       14%         1
 Summon Small Mammal      Summ           0%         N/A       14%         1
 Static Discharge         Conj/Air       0%         3-3/arc   21%         2
 Dazzling Flash           Conj/Hex       0%         N/A       38%         3
 Frozen Ramparts          Ice            0%         1d1       38%         3
 Hailstorm                Conj/Ice       0%         3d5       38%         3
 Sigil of Binding         Hex            0%         N/A       38%         3
 Summon Ice Beast         Ice/Summ       0%         N/A       38%         3
 Dimensional Bullseye     Hex/Tloc       0%         N/A       77%         4
 Summon Blazeheart Golem  Fire/Summ      0%         N/A       77%         4
 Silence                  Hex/Air        0%         N/A       98%         5
 Chain Lightning          Conj/Air       0%         N/A       100%        9
 Fire Storm               Conj/Fire      0%         5d1       100%        9
 Shatter                  Erth           0%         3d5*      100%        9


Dungeon Overview and Level Annotations

Branches:
Dungeon (4/15)
 Temple: D:4-7

Altars:

Annotations:
D:4 Blork the orc, Robin


Innate Abilities, Weirdness & Mutations

You are a hulking beast.
Your limbs bulge with bestial killing power. (Slay +1)
A weak demonic guardian rushes to your aid.
You are partially covered in sharp spines.
Your touch may inflict minor irresistible damage on your foes.


Message History

No target in view!
There is a stone staircase leading down here.
You climb downwards.
Level annotation: Robin
There is a stone staircase leading up here.
Found a book of the Hunter.
Blork the orc and an orc come into view.
Found a hand axe.
The orc shouts!
There is a stone staircase leading up here.
You climb upwards.
There is a stone staircase leading down here.
There is a stone staircase leading down here.
You see here a +0 club.
You see here a +0 hand axe.
There is an open door here.
There is a stone staircase leading down here.
You climb downwards.
Level annotation: Blork the orc, Robin The gnoll shouts! x4; You hear a shout!
The gnoll hits you with a +0 spear. The gnoll is struck by your spines.
The gnoll hits you with a +0 spear. The gnoll hits you with a +0 flail.
Found a hand axe.
There is a stone staircase leading up here.
The gnoll is struck by your spines. The gnoll hits you with a +0 spear.
The gnoll is struck by your spines. The gnoll hits you with a +0 flail.
* * * LOW HITPOINT WARNING * * *
The gnoll closely misses you.
You climb upwards.
There is a stone staircase leading down here.
You barely miss the gnoll.
The gnoll is moderately wounded.
The gnoll is struck by your spines. The gnoll closely misses you.
The gnoll hits you with a +0 spear.
* * * LOW HITPOINT WARNING * * *
A demonic guardian appears!
The gnoll hits you with a +0 flail.
* * * LOW HITPOINT WARNING * * *
You swap places.
The gnoll hits you from afar with a +0 spear.
You die...

###############
#.............#
#.....g.g...[.###########
#.....g5......+..........
#.......h.....#####......
####.............# #.#####
#.......(........# #.#<...
#................#####.#.##.
#......................#....
#.......)..............#.#..
#....#####+#..##.......#.#..
#....# ##+##..#######.#.#..
#....## #.......######.#.#..


You could see 3 gnolls and a friendly white imp (summoned).

Vanquished Creatures
  A hound (D:3)
  An adder (D:3)
  4 dart slugs
  A ribbon worm (D:3)
  2 orcs (D:3)
  6 endoplasms
  5 giant cockroaches
  7 goblins
  8 hobgoblins
  4 quokkas
  7 ball pythons
  5 bats
  3 kobolds
  6 rats
60 creatures vanquished.

Notes
Turn   | Place    | Note
-------+----------+-------------------------------------------
     0 | D:1      | Kass the Demonspawn Shapeshifter began the quest for the
                  | Orb.
     0 | D:1      | Reached XP level 1. HP: 15/15 MP: 1/1
   249 | D:1      | Gained mutation: You are partially covered in sharp spines.
                  | [demonic ancestry]
   249 | D:1      | Reached XP level 2. HP: 16/21 MP: 2/2
  1302 | D:2      | Gained mutation: A weak demonic guardian rushes to your
                  | aid. [demonic ancestry]
  1302 | D:2      | Reached XP level 3. HP: 26/26 MP: 3/3
  2120 | D:3      | Got Ypuguc's Elucidation of the Sphinx
  2310 | D:3      | Gained mutation: Your touch may inflict minor irresistible
                  | damage on your foes. [demonic ancestry]
  2310 | D:3      | Reached XP level 4. HP: 33/33 MP: 4/4
  2360 | D:3      | Got the Compendium of the Vacuum
  2365 | D:3      | Learned a level 3 spell: Call Canine Familiar
  2652 | D:4      | Noticed Robin
  2693 | D:4      | Noticed Blork the orc
  2770 | D:3      | Slain by a gnoll

Illustrated notes

Levels and vault maps discovered:
D:1:      minmay_arrival_nine_rooms, layout_basic
D:2:      layout_loops_cross, minivault_14, kennysheep_donut,
          nicolae_elevator_lobby_plus
D:3:      minmay_octagon_keep, layout_basic
D:4:      layout_loops_cross, nicolae_qazlal_style_of_elements, serial_shops,
          nicolae_shop_rolling_square, uniq_robin, uniq_blork_the_orc,
          uniq_grinder

Skill      XL: |  1  2  3 |
---------------+----------+-----
Dodging        | 2 |  2.7
Unarmed Combat | 3 |  3.4
Shapeshifting  | 3 |  3.3
Fighting       | 2 |  2.2
Summonings     | |  0.1

Action                     |  1- 3 |  4- 6 || total
---------------------------+-------+-------++-------
  Melee: Unarmed           |    99 |    21 ||   120
         Punch             |     2 |       ||     2
         Touch             |       |     5 ||     5
  Throw: Dart              |     2 |       ||     2
   Stab: Sleeping          |     2 |     1 ||     3
 Armour: Animal skin       |    33 |    20 ||    53
  Dodge: Dodged            |    49 |    15 ||    64
